 Dungeon Crawl Stone Soup version 0.17.1-2-g5865329 (webtiles) character file.

110 ololoev the Chopper (level 4, 0/35 HPs)
             Began as a Demonspawn Berserker on Jan 22, 2016.
             Was a Believer of Trog.
             Slain by an orc priest
             ... wielding a +0 flail
              (3 damage)
             ... on level 3 of the Dungeon.
             The game lasted 00:04:08 (486 turns).

ololoev the Chopper (Demonspawn Berserker)           Turns: 486, Time: 00:04:08

Health: 0/35       AC:  5    Str: 23    XL:     4   Next: 61%
Magic:  4/4        EV: 12    Int:  9    God:    Trog [**....]
Gold:   89         SH:  0    Dex: 12    Spells: 0 memorised, 3 levels left

rFire  . . .     SeeInvis .     a - +0 hand axe
rCold  . . .     Clarity  .     b - +0 animal skin
rNeg   . . .     SustAt   .     (no shield)
rPois  .         Gourm    .     (helmet restricted)
rElec  .         Spirit   .     (no cloak)
rCorr  .         Warding  .     k - +0 pair of gloves
rMut   .         Stasis   .     (no boots)
MR     ++...                    (no amulet)
Stlth  +.........               (no ring)
                                e - +6 ring of slaying

@: mighty, exhausted, regenerating, slowed, very slow, very resistant to hostile
enchantments, very unstealthy
A: antennae 2, thin metallic scales 1
a: Berserk, Trog's Hand, Burn Spellbooks, Renounce Religion


Innate Abilities, Weirdness & Mutations

You have a pair of antennae on your head.
You are partially covered in thin metallic scales (AC +2).

Inventory:

Hand Weapons
 a - a +0 hand axe (weapon)
Armour
 b - a +0 animal skin (worn)
 k - a +0 pair of gloves (worn)
Jewellery
 e - a +6 ring of slaying (left hand)
Scrolls
 f - a scroll of immolation {unknown}
 h - 2 scrolls of identify {unknown}
 i - a scroll of blinking {unknown}
Potions
 j - a potion of brilliance {unknown}
Comestibles
 c - a bread ration
 d - a chunk of flesh
 l - a slice of pizza


   Skills:
 - Level 3.0 Fighting
 * Level 4.3 Axes
 + Level 2.8 Armour
 - Level 1.7 Dodging


You had 3 spell levels left.
You didn't know any spells.


You were on level 3 of the Dungeon.
You worshipped Trog.
Trog was pleased with you.
You were not hungry.

You visited 1 branch of the dungeon, and saw 4 of its levels.

You collected 89 gold pieces.

...<.......
..#####...#.$ ...
.......# .#.. ..
..####... ..g. (.
..##### #..# .#
..#... #.##..##.###
#.#.# .......?.
#...# ..###oo).#
...## #......@# #..#
####.....#
##.######.....#...<.
..........###
#$##.## ##.#####..
.. .. #.## .# ##.
... #..####.# #. ##.
##..#...# #. ..
##...# ...

Notes
Turn   | Place    | Note
--------------------------------------------------------------
     0 | D:1      | ololoev the Demonspawn Berserker began the quest for the Orb.
     0 | D:1      | Reached XP level 1. HP: 18/18 MP: 1/1
   121 | D:1      | Gained mutation: You have a pair of small antennae on your head. [demonic ancestry]
   121 | D:1      | Reached XP level 2. HP: 10/24 MP: 2/2
   264 | D:2      | Reached ** piety under Trog
   302 | D:3      | Found a snail-covered altar of Cheibriados.
   310 | D:3      | Gained mutation: You have a pair of antennae on your head. [demonic ancestry]
   310 | D:3      | Reached XP level 3. HP: 18/29 MP: 3/3
   454 | D:4      | Noticed a giant frog
   463 | D:4      | Killed a giant frog
   463 | D:4      | Reached skill level 4 in Axes
   463 | D:4      | Gained mutation: You are partially covered in thin metallic scales (AC +2). [demonic ancestry]
   463 | D:4      | Reached XP level 4. HP: 20/35 MP: 4/4
   486 | D:3      | Slain by an orc priest

Dungeon Overview and Level Annotations

Branches:
Dungeon (4/15)
 Temple: D:4-7

Altars:
Cheibriados


Message History

You feel your anger subside.
You are no longer berserk.
You are exhausted.
You feel yourself slow down.
You are feeling hungry.
Some of the chunks of flesh in your inventory have rotted away.
Eat one of 2 chunks of flesh? (ye/n/q/i?) This raw flesh tastes terrible.
You continue eating. x2
An orc priest comes into view. It is wielding a flail.
There is a stone staircase leading up here.
The orc priest shouts!
You climb upwards.
The orc shouts!
The orc priest shouts!
A hobgoblin and an orc come into view.
The orc shouts!
The orc throws a tomahawk.
The tomahawk closely misses you.
The orc throws a tomahawk.
The tomahawk hits you.
Found four items.
Found a stone staircase leading up.
There is a stone staircase leading down, spattered with blood here.
You see here a tomahawk.
Use which ability? (? or * to list)
Your skin crawls.
You feel resistant to hostile enchantments.
You feel slightly more hungry. The orc misses you.
Unknown command.
Drink which item? (? for menu, Esc to quit)
It was a potion of might.
You feel very mighty all of a sudden. The orc closely misses you.
The orc priest closely misses you.
The orc throws a tomahawk.
The tomahawk hits you but does no damage.
The orc hits you with a mace!
Unknown command.
You completely miss the orc priest. You slash the orc!
You kill the orc!
Trog accepts your kill.
The orc throws a tomahawk.
The tomahawk hits you. The orc priest hits you with a flail.
You die...

You could see an orc priest, an orc and a hobgoblin (wandering).

Vanquished Creatures
  A giant frog (D:4)
  An adder (D:3)
  2 worms
  An orc (D:3)
  3 bats
  2 giant cockroaches
  7 hobgoblins
  A jackal (D:1)
  A ball python (D:2)
  A giant gecko (D:1)
  A giant newt (D:2)
  7 goblins
  A kobold (D:1)
  2 rats (D:1)
31 creatures vanquished.

Action                   |  1- 3 |  4- 6 || total
-------------------------+-------+-------++-------
Melee: Hand axe          |    85 |     1 ||    86
Invok: Berserk           |     2 |       ||     2
       Trog's Hand       |     1 |     1 ||     2
  Use: Potion            |       |     1 ||     1
 Stab: Sleeping          |     1 |       ||     1
  Eat: Chunk             |       |     1 ||     1

Vault maps used:
D:1:      eino_arrival_cavern_b, minmay_surrounded
D:2:      tso_oasis_becter, grunt_decor_cap
D:3:      nicolae_overflow_crystal_walls, nicolae_overflow_hidden_temple,
          minmay_misc_feat_diagonals
D:4:      zin_academy, serial_shops, nicolae_shop_competitors_out_of_business,
          shop, nicolae_shop_stone, kennysheep_generic_room_3, uniq_edmund
